 Dungeon Crawl Stone Soup version 0.22-a0-305-gd21a89c538 (webtiles) character file.

102 Oravi the Insei (level 4, -2/32 HPs)
             Began as a Merfolk Transmuter on Apr 1, 2018.
             Killed from afar by an orc wizard (7 damage)
             ... with a puff of flame
             ... on level 3 of the Dungeon.
             The game lasted 00:07:16 (2320 turns).

Oravi the Insei (Merfolk Transmuter)                Turns: 2320, Time: 00:07:16

Health: -2/32      AC:  2    Str:  9 (11) XL:     4   Next: 77%
Magic:  3/8        EV: 21    Int: 12      God:
Gold:   156        SH:  0    Dex: 17 (19) Spells: 2/8 levels left

rFire    . . .     SeeInvis .     - Unarmed
rCold    . . .     Gourm    .   (shield currently unavailable)
rNeg     . . .     Faith    .   (armour currently unavailable)
rPois    x         Spirit   .   (helmet currently unavailable)
rElec    .         Reflect  .   (cloak currently unavailable)
rCorr    .         Harm     .   (gloves currently unavailable)
MR       .....                  (boots currently unavailable)
Stlth    ++........             (no amulet)
HPRegen  0.10/turn              (no ring)
MPRegen  0.11/turn              (no ring)

@: spider-form (expiring)
A: tiny, (change form in water), (swift swim), (stealthy swim)
a: End Transformation


You were on level 3 of the Dungeon.
You were not hungry.
You were a venomous arachnid creature.
You visited 1 branch of the dungeon, and saw 3 of its levels.

You collected 156 gold pieces.

Inventory:

Missiles
 a - 90 arrows
Armour
 b - a +0 robe (melded)
Jewellery
 f - an uncursed amulet of regeneration {unknown}
Scrolls
 e - a scroll of random uselessness {unknown}
 g - a scroll of magic mapping {unknown}
 h - 2 scrolls of teleportation {unknown}
 i - a scroll of enchant armour {unknown}
 j - 5 scrolls of identify {unknown}
Comestibles
 d - 5 rations


   Skills:
 + Level 1.3 Fighting
 + Level 3.2 Dodging
 + Level 4.4 Unarmed Combat
 + Level 2.7 Spellcasting
 * Level 3.7 Transmutations
 * Level 0.7 Poison Magic


You had 2 spell levels left.
You knew the following spells:

 Your Spells              Type           Power        Failure   Level  Hunger
a - Beastly Appendage     Tmut           ##....       16%         1    #......
b - Sticks to Snakes      Tmut           ##......     22%         2    ###....
c - Spider Form           Tmut/Pois      #.........   52%         3    ###....


Dungeon Overview and Level Annotations

Branches:
Dungeon (3/15)

Altars:
Hepliaklqana
The Shining One


Message History

* * * LOW HITPOINT WARNING * * *
You barely miss the orc. The orc completely misses you.
You hit the orc.
The orc looks as sick as possible!
The orc is heavily wounded.
The orc hits you with a club.
* * * LOW HITPOINT WARNING * * *
You hit the orc but do no damage.
The orc looks as sick as possible!
The orc is heavily wounded.
Your transformation is almost over.
The orc wizard looks more healthy.
You closely miss the orc.
The orc is severely wounded.
You kill the orc!
The orc wizard barely misses you.
You hit the orc wizard but do no damage.
The orc wizard is poisoned.
The orc wizard is almost dead.
The orc wizard gestures at you while chanting.
The puff of flame hits you!
You die...

##### ... #...#
#.... ###.#s#
#....# ##...#o##
.....####..###lo###
####........##
##.)(#
...........##
###..# ..##.......#
#..# #..........#
#... ##........####
..##
#...##........# ...


You could see an orc wizard, an orc and a leopard gecko.

Vanquished Creatures
  Natasha (D:3)
  2 adders (D:2)
  2 oozes
  A worm (D:1)
  2 orcs
  6 bats
  4 giant cockroaches
  5 hobgoblins
  3 jackals (D:3)
  A quokka (D:2)
  2 frilled lizards (D:1)
  6 goblins
  8 kobolds
  A rat (D:1)
44 creatures vanquished.

Notes
Turn   | Place    | Note
-------+----------+-------------------------------------------
     0 | D:1      | Oravi the Merfolk Transmuter began the quest for the Orb.
     0 | D:1      | Reached XP level 1. HP: 15/15 MP: 3/3
   316 | D:1      | Reached XP level 2. HP: 19/21 MP: 5/5
   320 | D:1      | Learned a level 2 spell: Sticks to Snakes
   643 | D:1      | Reached XP level 3. HP: 24/26 MP: 4/6
   847 | D:2      | Reached skill level 4 in Unarmed Combat
   850 | D:2      | HP: 1/26 [poisoned by an adder]
  1137 | D:2      | Learned a level 3 spell: Spider Form
  1455 | D:2      | Found a glowing golden altar of the Shining One.
  1657 | D:2      | Reached XP level 4. HP: 20/32 MP: 6/8
  2055 | D:2      | Found a hazy altar of Hepliaklqana.
  2274 | D:3      | Noticed Natasha
  2282 | D:3      | Killed Natasha
  2320 | D:3      | Killed from afar by an orc wizard

Vault maps used:
D:1:      evilmike_arrival_run_for_it, minmay_misc_feat_roman
D:2:      lemuel_coloured_pillars_altar, first_ration,
          nicolae_tso_carved_into_rock
D:3:      uniq_natasha

Skill      XL: |  1  2  3 |
---------------+----------+-----
Transmutations | 3 |  3.7
Dodging        | 3 |  3.2
Unarmed Combat | 4 |  4.4
Fighting       | |  1.3
Spellcasting   | |  2.7
Poison Magic   | |  0.7

Action                   |  1- 3 |  4- 6 || total
-------------------------+-------+-------++-------
Melee: Unarmed           |   124 |    28 ||   152
       Headbutt          |    20 |       ||    20
       Punch             |     1 |       ||     1
 Cast: Beastly Appendage |    18 |     2 ||    20
       Spider Form       |       |     3 ||     3
  Use: Potion            |     3 |       ||     3
 Stab: Sleeping          |     1 |       ||     1
  Eat: Chunk             |     3 |     2 ||     5
Armor: Robe              |    19 |     2 ||    21
       Skin              |       |     2 ||     2
Dodge: Dodged            |    84 |    21 ||   105

Table legend:
 A = Spawn XP
 B = Non-spawn XP
 C = Spawn XP percentage of total XP
 D = Spawn monster count
 E = Non-spawn monster count
 F = Spawn count percentage of total count
 G = Total turns spent on level
                    A         B        C        D         E        F      G
               +---------+---------+-------+---------+---------+-------+---------
         Total |       0 |     146 |   0.0 |       0 |      44 |   0.0 |  2320
               +---------+---------+-------+---------+---------+-------+---------
           D:1 |       0 |      40 |   0.0 |       0 |      19 |   0.0 |   814
           D:2 |       0 |      54 |   0.0 |       0 |      18 |   0.0 |  1457
           D:3 |       0 |      52 |   0.0 |       0 |       7 |   0.0 |    49
               +---------+---------+-------+---------+---------+-------+---------
